 Dungeon Crawl Stone Soup version 0.32-a0-18-g89e19f1974 (webtiles) character file.

Game seed: 9397657657239427060

30 cforsyth the Changeling (level 3, -3/36 HPs)
             Began as an Oni Shapeshifter on Jan 16, 2024.
             Slain by a gnoll
             ... wielding a +0 whip
              (6 damage)
             ... on level 2 of the Dungeon.
             The game lasted 00:01:06 (808 turns).

cforsyth the Changeling (Oni Shapeshifter)           Turns: 808, Time: 00:01:06

Health: -3/36      AC:  3    Str: 18    XL:     3   Next: 20%
Magic:  3/3        EV:  9    Int: 13    God:
Gold:   33         SH:  0    Dex:  8    Spells: 2/2 levels left

rFire   . .          .
                       - Unarmed
rCold   . . .        (no shield)
rNeg    . . .        a - +0 animal skin
rPois   .            (helmet currently unavailable)
rElec   .            (cloak currently unavailable)
rCorr   .            (gloves unavailable)
SInv    .            (boots unavailable)
Will    .....        (no amulet)
Stlth   +            (no ring)
HPRegen 0.26/turn    (no ring)
MPRegen 0.08/turn

%: no passive effects
@: lethally poisoned (-3 -> -17), beast-form
A: beast (slay +1), large, unfitting armour, horns 1, tough skin 1, double
potion healing, drunken brawling
a: Begin Untransformation


You were on level 2 of the Dungeon.
You were a hulking beast.
You visited 1 branch of the dungeon, and saw 2 of its levels.

You collected 33 gold pieces.

Inventory:

Armour
 a - a +0 animal skin (worn)
Talismans
 c - a beast talisman
 d - a flux talisman
Scrolls
 f - a scroll of noise {unknown}
 g - a scroll of torment {unknown}
Potions
 b - a potion of lignification
 e - a potion of brilliance {unknown}


   Skills:
 + Level 2.6 Fighting
 - Level 1.7 Dodging
 + Level 3.1 Unarmed Combat
 + Level 3.3 Shapeshifting


You had 2 spell levels left.
You didn't know any spells.
Your spell library was empty.

Dungeon Overview and Level Annotations

Branches:
Dungeon (2/15)

Altars:


Innate Abilities, Weirdness & Mutations

You are a hulking beast.
Your limbs bulge with bestial killing power. (Slay +1)
You are too large for most types of armour.
You have a pair of small horns on your head.
You have tough skin. (AC +1)
You gain doubled healing and magic from potions.
Whenever you drink a healing potion, you attack all around you.


Message History

The gnoll shouts!
A bat comes into view.
The bat moves out of view.
You barely miss the giant cockroach. You headbutt the giant cockroach.
The giant cockroach is severely wounded.
The giant cockroach misses you.
You hit the giant cockroach but do no damage.
The giant cockroach is severely wounded.
The gnoll barely misses you. The giant cockroach barely misses you.
The bat closely misses you.
You hit the giant cockroach.
You kill the giant cockroach!
The bat hits you but does no damage.
The gnoll hits you from afar with a +2 spear of venom.
The gnoll hits you with a +0 whip!
You barely miss the gnoll. Your headbutt misses the gnoll. You punch the gnoll.
The gnoll is moderately wounded.
The bat hits you but does no damage. x2
The gnoll hits you from afar with a +2 spear of venom.
You are poisoned.
The gnoll hits you with a +0 whip. The gnoll closely misses you.
You are too injured to fight recklessly!
You are too injured to fight recklessly!
You are too injured to fight recklessly!
You are too injured to fight recklessly!
You are too injured to fight recklessly!
You are too injured to fight recklessly!
You are too injured to fight recklessly!
You feel very sick.
A ribbon worm comes into view.
You feel sick. The bat hits you. The gnoll attacks as it pursues you!
The gnoll closely misses you. The gnoll attacks as it pursues you!
The gnoll hits you from afar with a +2 spear of venom.
* * * LOW HITPOINT WARNING * * *
You are more poisoned.
There is a stone staircase leading up, spattered with blood here.
* * * LOW HITPOINT WARNING * * *
You feel very sick. The gnoll hits you with a +0 whip.
You die...

.. .. #.####.
##.# #......
.....
#.....#####....#
##.............>#
...............#
.w.............#
?......bgg†....#
.......h.g.....#
...............#
....###........#
### #........#
+..........
#........##
##########


You could see a ribbon worm, 3 gnolls and a bat.

Vanquished Creatures
  A dart slug (D:1)
  2 bats (D:1)
  3 endoplasms (D:1)
  A giant cockroach (D:2)
  4 goblins (D:1)
  A hobgoblin (D:1)
  4 jackals (D:1)
  A quokka (D:1)
  2 ball pythons (D:1)
  2 kobolds (D:1)
  2 rats (D:1)
23 creatures vanquished.

Notes
Turn   | Place    | Note
-------+----------+-------------------------------------------
     0 | D:1      | cforsyth the Oni Shapeshifter began the quest for the Orb.
     0 | D:1      | Reached XP level 1. HP: 19/19 MP: 1/1
    74 | D:1      | Reached XP level 2. HP: 23/28 MP: 2/2
   406 | D:1      | Reached XP level 3. HP: 36/36 MP: 3/3
   808 | D:2      | Slain by a gnoll

Illustrated notes

Levels and vault maps discovered:
D:1:      dpeg_arrival_windows_large_door, layout_loops_ring,
          hangedman_decor_push
D:2:      layout_basic, hellmonk_ecumenical_altar_leap_of_faith, uniq_natasha

Skill      XL: |  1  2 |
---------------+-------+-----
Fighting       | 2 |  2.6
Unarmed Combat | 3 |  3.1
Dodging        | |  1.7
Shapeshifting  | |  3.3

Action                     || total
---------------------------++-------
  Melee: Unarmed           ||    55
         Headbutt          ||     4
         Punch             ||     1
 Armour: Animal skin       ||    29
  Dodge: Dodged            ||    30

Table legend: (Time is in decaauts)
 A = Elapsed time spent in this place.
 B = Non-inter-level travel time spent in this place.
 C = Inter-level travel time spent in this place.
 D = Time resting spent in this place.
 E = Time spent auto-exploring this place.
 F = Levels seen in this place.
 G = Mean time per level.
                   A        B        C        D        E       F      G
               +--------+--------+--------+--------+--------+-----+--------+
         Total |    804 |    761 |     43 |      0 |    659 |   2 |  402.0 |
       Dungeon |    804 |    761 |     43 |      0 |    659 |   2 |  402.0 |
               +--------+--------+--------+--------+--------+-----+--------+

Top non-repeatable levels by time:
     D:1: 796 daAuts
     D:2: 8 daAuts
